Map: Odyssey LE

Players

QUECOSA - Winner!

  • Race: Terran Terran
  • League: Gold
  • Spawn Location: 11:00

Juxtapose

  • Race: Terran Terran
  • Spawn Location: 5:00

VOD

https://youtu.be/W6-tHNo80Ag

Description

Man, this guy was just toying with me in the end, and that irks me a bit but nothing I can do about it; he was the better player.

My big mistake I think was pressing my attack during his drop that hurt my natural. I never recovered momentum after that.

Time

  • Played on: June 1, 2017, 8:45 p.m.
  • Length: 21:17
Show
View Real Time Build Order
Export as new Build Order

QUECOSA Terran - Winner!

Build Orders: MMM Bio 

Get SALT Encoding   

  12  0:01  SCV  
  13  0:13  SCV  
  14  0:23  Supply Depot  
  14  0:25  SCV  
  15  0:45  SCV  
  15  0:46  Barracks  
  16  0:57  SCV  
  17  1:06  Refinery  
  17  1:09  SCV  
  18  1:22  SCV  
  19  1:40  Orbital Command  
  19  1:47  Marine  
  19  1:49  Command Center  
  20  2:05  Reaper  
  20  2:14  Refinery  
  20  2:26  SCV, Supply Depot  
  21  2:37  Marine  
  21  2:41  SCV  
  23  2:51  Factory  
  23  2:57  SCV  
  25  3:02  Engineering Bay  
  25  3:10  Barracks Tech Lab  
  24  3:13  Barracks  
  24  3:16  SCV  
  25  3:23  Orbital Command  
  25  3:28  SCV, Terran Infantry Weapons Level 1  
  26  3:35  Stimpack  
  26  3:36  Factory Tech Lab  
  26  3:38  Supply Depot  
  26  3:40  SCV  
  27  3:44  Starport  
  27  3:49  SCV  
  27  3:53  SCV  
  29  4:01  SCV  
  30  4:04  Barracks Reactor  
  30  4:05  SCV  
  31  4:12  Refinery x2  
  31  4:13  SCV  
  33  4:17  SCV, Siege Tank  
  35  4:25  SCV  
  35  4:29  SCV  
  37  4:35  Starport Reactor  
  37  4:37  SCV  
  38  4:48  SCV  
  38  4:49  SCV, Siege Tank  
  43  4:53  Marine  
  43  4:54  Marine x2  
  46  5:00  SCV  
  46  5:04  SCV  
  48  5:11  Marine x2, Supply Depot  
  48  5:12  SCV  
  51  5:15  Medivac  
  51  5:16  SCV  
  54  5:27  Supply Depot  
  54  5:32  SCV, Marine  
  56  5:35  Combat Shields  
  56  5:36  Marine  
  56  5:37  Marine  
  56  5:40  Terran Infantry Armor Level 1  
  58  5:44  SCV x2  
  58  5:45  Engineering Bay, Armory  
  60  5:53  Marine  
  61  6:00  SCV  
  61  6:01  SCV  
  63  6:10  Command Center  
  63  6:13  SCV x2  
  63  6:15  Siege Tank  
  63  6:17  Viking  
  70  6:33  Supply Depot  
  70  6:43  Supply Depot  
  70  6:45  Supply Depot x2  
  70  6:46  Supply Depot  
  70  6:48  Supply Depot  
  70  6:54  Concussive Shells  
  70  6:55  SCV  
  65  7:04  Marine x3  
  61  7:22  Marine x3  
  61  7:39  Marine  
  61  7:40  Marine x2  
  64  7:57  Marine x2  
  64  7:58  Marine  
  62  8:10  Orbital Command  
  62  8:15  Marine x3  
  65  8:33  Marine x3  
  67  8:51  Marine  
  64  9:03  SCV x2  
  64  9:06  Viking x2  
  70  9:15  SCV x2  
  63  9:27  SCV x2, Missile Turret  
  63  9:28  Missile Turret  
  64  9:33  Missile Turret  
  64  9:34  Missile Turret  
  64  9:35  Viking  
  66  9:39  SCV x2  
  68  9:48  Missile Turret  
  68  9:50  Missile Turret  
  68  9:51  SCV, Missile Turret  
  68  9:52  Terran Infantry Armor Level 2, Terran Infantry Weapons Level 2  
  69  9:53  Marine  
  69  9:54  Missile Turret  
  70  10:14  Command Center  
  70  10:15  Siege Tank  
  70  10:18  Missile Turret  
  70  10:19  Marine x3  
  70  10:21  Viking  
  78  10:36  Marine  
  78  10:37  Marine x2  
  78  10:40  Missile Turret  
  81  10:43  Command Center  
  81  10:44  Missile Turret  
  81  10:47  Siege Tank  
  84  10:51  Missile Turret  
  84  10:55  Missile Turret  
  84  11:03  Marine x2  
  84  11:04  Marine  
  87  11:07  SCV x2  
  89  11:16  Refinery  
  89  11:19  SCV x2  
  89  11:21  Marine x2  
  93  11:27  Refinery  
  93  11:31  SCV x2  
  95  11:36  Refinery  
  95  11:37  Refinery  
  95  11:43  SCV x2  
  95  11:44  Barracks  
  95  11:47  Barracks  
  97  11:48  Barracks  
  97  11:53  Barracks  
  97  11:55  SCV x2  
  97  11:56  Orbital Command  
  99  12:07  SCV  
  100  12:17  Terran Infantry Armor Level 3  
  100  12:23  Terran Infantry Weapons Level 3  
  100  12:37  Missile Turret  
  100  12:38  Missile Turret  
  100  12:40  Barracks Reactor x2  
  100  12:41  Barracks Reactor  
  100  12:42  Barracks Tech Lab  
  100  12:49  Siege Tank  
  105  12:52  Medivac x2  
  105  12:55  Orbital Command  
  105  12:58  Missile Turret  
  107  13:01  Missile Turret  
  107  13:21  Medivac  
  107  13:22  Medivac  
  107  13:25  Marauder x2  
  107  13:26  Marine x2  
  117  13:27  Marine  
  118  13:35  Marine  
  118  13:46  Marauder  
  118  13:47  Marauder  
  118  13:51  Medivac  
  118  13:52  Medivac  
  122  13:57  Siege Tank  
  125  14:08  Marauder x2  
  129  14:11  Marine x3  
  129  14:12  Factory  
  129  14:14  Factory x2  
  132  14:17  Supply Depot  
  132  14:20  Supply Depot  
  132  14:23  Supply Depot  
  132  14:24  Supply Depot  
  132  14:31  Sensor Tower  
  132  14:37  Sensor Tower  
  132  14:39  Marauder x2, Medivac  
  132  14:41  Siege Tank  
  107  14:54  Marine  
  107  14:55  Marine x7  
  107  15:01  Marauder x2  
  111  15:12  Marine  
  111  15:13  Marine x7, Siege Tank  
  122  15:22  Marauder, Marine  
  122  15:27  Orbital Command  
  125  15:30  Marine x2  
  125  15:31  Marine x5  
  132  15:43  Marine  
  132  16:03  Refinery  
  132  16:05  Supply Depot  
  132  16:06  Supply Depot x2  
  132  16:08  Supply Depot x2  
  132  16:09  Supply Depot x2  
  132  16:10  Supply Depot  
  132  16:11  Factory Tech Lab x2  
  132  16:12  Factory Tech Lab  
  132  16:14  Neosteel Frame  
  132  16:15  Building Armor  
  132  16:27  Marine x2  
  132  16:32  Marine  
  135  16:34  Marine  
  136  16:42  Marine  
  136  16:43  Marauder  
  136  16:45  Marauder  
  136  16:46  Thor  
  143  16:54  Viking x2  
  147  17:04  Marauder  
  147  17:06  Marauder  
  151  17:25  Marauder  
  151  17:28  Marauder  
  147  17:34  Hi-Sec Auto Tracking  
  127  17:44  Marine x8  
  124  17:46  Marine  
  124  17:49  Marine  
  131  18:01  Marine  
  131  18:02  Marine x7, Thor x3  
  131  18:03  Thor  
  131  18:04  Marine  
  159  18:07  Marine  
  160  18:19  Marine  
  161  18:20  Marine x2  
  163  18:37  Command Center  
  163  18:42  Viking x2  
  163  18:45  Thor x2  
  163  18:46  Siege Tank x2  
  185  18:50  Armory  
  185  18:55  Marine  
  186  18:56  Marine x9  
  195  19:13  Marine  
  196  19:33  Sensor Tower  
  196  19:36  Sensor Tower  
  196  19:45  Sensor Tower x2  
  196  19:46  Sensor Tower  
  196  19:48  Marine x4  
  196  19:52  Refinery  
  200  19:55  Sensor Tower  
  200  19:56  Factory Tech Lab  
  200  20:14  Orbital Command  
  200  20:36  Command Center  
  200  20:41  Command Center  
  200  20:42  Command Center, Marine  
Show
View Real Time Build Order
Export as new Build Order

Juxtapose Terran 

Build Orders: MMM Bio 

Get SALT Encoding   

  12  0:01  SCV  
  13  0:13  SCV  
  14  0:21  Supply Depot  
  14  0:26  SCV  
  15  0:43  SCV  
  15  0:49  Barracks  
  16  0:54  Refinery  
  16  0:55  SCV  
  17  1:04  Supply Depot  
  17  1:07  SCV  
  18  1:19  SCV  
  18  1:31  SCV  
  19  1:42  Refinery  
  19  1:43  SCV  
  20  1:55  SCV, Supply Depot  
  21  2:02  Marine  
  21  2:08  SCV, Barracks  
  23  2:20  SCV, Marine  
  25  2:35  Command Center  
  25  2:46  Orbital Command  
  25  2:57  Barracks Reactor  
  25  3:01  Supply Depot  
  25  3:08  Barracks Tech Lab  
  25  3:18  Factory  
  25  3:31  Marine, Stimpack  
  26  3:34  Marine x2  
  28  3:49  Marine  
  28  3:55  Engineering Bay, Marine x2  
  31  4:02  Orbital Command  
  31  4:03  SCV  
  32  4:10  Marine  
  32  4:14  Factory Tech Lab  
  32  4:15  SCV  
  34  4:21  Starport  
  34  4:27  SCV  
  34  4:28  SCV  
  36  4:38  Siege Tank  
  39  4:39  SCV  
  39  4:41  SCV  
  39  4:45  Marine x2  
  42  4:49  Marine  
  42  4:51  SCV  
  45  4:53  SCV  
  46  5:01  Refinery  
  46  5:03  SCV, Marine, Medivac  
  46  5:05  SCV  
  46  5:06  Marine x2  
  53  5:10  Terran Infantry Weapons Level 1  
  53  5:21  Marine, Siege Tank  
  57  5:24  Marine x2  
  59  5:32  SCV  
  59  5:33  SCV  
  59  5:34  Refinery  
  61  5:38  Marine  
  62  5:47  Supply Depot  
  62  5:54  Combat Shields  
  62  6:08  SCV x2, Marine x2, Medivac  
  62  6:09  Supply Depot  
  68  6:21  SCV x2  
  70  6:30  Marine x3, Siege Tank  
  76  6:38  Medivac  
  54  7:04  Marine  
  54  7:05  Marine x2  
  48  7:08  Medivac  
  41  7:36  Marine x2  
  41  7:37  Marine  
  40  7:38  Medivac  
  40  7:42  Hellion  
  42  7:54  Marine x2  
  42  7:55  Liberator  
  43  8:04  Hellion  
  37  8:07  SCV  
  37  8:08  Marine  
  37  8:12  Marine  
  30  8:19  SCV  
  28  8:25  Hellion  
  28  8:26  Marine  
  26  8:30  Marine  
  24  8:36  SCV  
  24  8:38  Liberator  
  25  8:44  Marine  
  25  8:47  Hellion  
  25  8:48  SCV  
  32  9:01  Marine  
  33  9:06  SCV  
  34  9:17  Command Center  
  34  9:18  SCV  
  34  9:20  Marine x2  
  34  9:23  Terran Infantry Armor Level 1  
  37  9:30  SCV  
  38  9:38  Marine  
  37  9:43  Barracks Reactor  
  36  9:51  Siege Tank  
  39  9:54  Starport Reactor  
  39  10:23  Siege Tank  
  42  10:42  Orbital Command  
  42  10:44  SCV  
  42  10:49  Missile Turret  
  43  10:52  Marine x3  
  43  10:54  Medivac  
  43  10:56  SCV, Siege Tank  
  52  11:01  Command Center  
  52  11:08  SCV  
  53  11:14  Missile Turret  
  53  11:20  SCV  
  54  11:25  Armory  
  53  11:33  Marine x3  
  53  11:35  Siege Tank  
  59  11:51  Marine x2  
  59  11:52  Medivac  
  63  11:57  SCV x2  
  65  12:08  Siege Tank  
  68  12:09  SCV  
  68  12:12  Marine x3  
  72  12:30  Marine x3  
  72  12:34  SCV  
  76  12:46  SCV  
  76  12:47  Marine  
  76  12:50  Supply Depot  
  78  13:12  SCV, Marine x3, Supply Depot, Siege Tank  
  85  13:30  Marine  
  85  13:34  Marine  
  86  14:14  Command Center, Terran Infantry Weapons Level 2  
  86  14:32  Marine x3  
  86  14:34  Siege Tank  
  86  14:36  Medivac  
  94  14:48  Medivac  
  94  14:50  Marine x3  
  82  15:07  Siege Tank  
  85  15:08  Marine  
  85  15:09  Marine x2  
  82  15:25  Marine  
  82  15:27  Marine  
  81  15:36  Planetary Fortress  
  81  15:39  Siege Tank  
  82  15:57  Medivac x2  
  82  15:58  Marine x3  
  89  16:07  SCV x2  
  89  16:11  Siege Tank  
  94  16:16  Marine x2  
  94  16:18  Fusion Core  
  96  16:19  SCV x2  
  98  16:31  SCV  
  93  16:43  Siege Tank  
  96  16:50  Marine x3  
  99  17:03  SCV x2  
  99  17:06  Refinery  
  99  17:07  Marine  
  99  17:08  Marine x2  
  104  17:09  Refinery  
  104  17:15  Siege Tank  
  32  17:49  Marine x2  
  34  18:12  Marine x3  
  27  18:16  Terran Infantry Armor Level 2  
  30  18:20  Siege Tank  
  30  18:30  Marine x3  
  33  18:40  Starport  
  33  18:52  Siege Tank  
  36  18:58  Starport Tech Lab  
  36  19:24  Starport Tech Lab  
  36  19:41  Battlecruiser  
  36  19:43  Weapon Refit  
  42  19:48  Command Center  
Tags
 
Composition
MMM BioMMM Bio
League
Gold
Matchup
TvT
Race
Terran
Spawn Locations
Cross Positions
Add a new tag
Caveats
  • Supply blocks, unpowered buildings, or Contaminate may cause inaccurate times.
  • Supply counts are checked every 10 seconds.